 Dungeon Crawl Stone Soup version 0.19-a0-82-gd3566c2 (webtiles) character file.

1012 Duffy the Ruffian (level 8, -1/44 HPs)
             Began as a Vine Stalker Monk on May 15, 2016.
             Was a Priest of Cheibriados.
             Slain by Gruesome's ghost (15 damage)
             ... on level 6 of the Dungeon.
             The game lasted 00:08:13 (4588 turns).

Duffy the Ruffian (Vine Stalker Monk)               Turns: 4588, Time: 00:08:13

Health: -1/44      AC: 17    Str: 26    XL:     8   Next: 21%
Magic:  0/18       EV:  3    Int: 17    God:    Cheibriados [***...]
Gold:   267        SH:  0    Dex: 23    Spells: 0 memorised, 7 levels left

rFire  . . .     SeeInvis .       - Unarmed
rCold  . . .     Gourm    .     B - +0 plate armour
rNeg   . . .     Faith    .     (no shield)
rPois  +         Spirit   +     t - +2 helmet
rElec  .         Dismiss  .     (no cloak)
rCorr  .         Reflect  .     (no gloves)
SustAt .         Harm     .     v - +0 pair of boots
MR     +....                    A - amulet of magic regeneration
Stlth  ..........               q - +3 ring of protection
                                C - ring of magical power

@: very slow, somewhat resistant to hostile enchantments, extremely unstealthy
A: fangs 3, poison resistance, regeneration 2, strong 1, magic shield, antimagic
bite, no device heal 3, rot immunity
a: Bend Time, Temporal Distortion, Renounce Religion


You were on level 6 of the Dungeon.
You worshipped Cheibriados.
Cheibriados was most pleased with you.
You were not hungry.

You visited 1 branch of the dungeon, and saw 6 of its levels.

You collected 267 gold pieces.


Innate Abilities, Weirdness & Mutations

You have razor-sharp teeth.
You heal very quickly.
When hurt, damage is shared between your health and your magic reserves.
Your bite disrupts and absorbs the magic of your enemies.
Potions and wands cannot restore your health.
You are immune to rotting.
Your system is resistant to poisons.
Your muscles are strong. (Str +2)


   Skills:
 * Level 6.3 Fighting
 + Level 1.4 Armour
 - Level 2.4 Dodging
 - Level 2.4 Stealth
 * Level 7.7 Unarmed Combat


You had 7 spell levels left.
You didn't know any spells.

Inventory:

Hand Weapons
 o - a +1 blowgun
Missiles
 d - a throwing net (quivered)
 r - 42 poisoned needles
Armour
 t - a +2 helmet (worn)
 v - a +0 pair of boots (worn)
 B - a +0 plate armour (worn)
Jewellery
 e - an uncursed ring of flight
 i - an uncursed ring of poison resistance
 q - a +3 ring of protection (right hand)
 y - an uncursed ring of fire
 A - an amulet of magic regeneration (around neck)
 C - a ring of magical power (left hand)
Wands
 s - a wand of digging (13/24)
Scrolls
 a - a scroll of remove curse {unknown}
 c - 3 scrolls of teleportation
 k - a scroll of blinking {unknown}
 l - a scroll of immolation {unknown}
 m - 3 scrolls of magic mapping
 n - a scroll of noise {unknown}
 p - 4 scrolls of enchant weapon
 u - a scroll of fear {unknown}
 z - a scroll of recharging {unknown}
 F - a scroll of fog {unknown}
Potions
 f - 2 potions of agility
 j - a potion of cancellation
 w - 2 potions of might
 x - 2 potions of curing
Comestibles
 b - 2 bread rations
 g - 3 meat rations
 h - 2 beef jerkies
 D - a royal jelly
 E - a chunk of flesh

Dungeon Overview and Level Annotations

Branches:
Dungeon (6/15)             Temple (0/1) D:5

Altars:
Ashenzari
Cheibriados
Dithmenos
Elyvilon
Makhleb
Ru
Trog
Yredelemnul
Zin
The Shining One

Annotations:
D:6 Gruesome's ghost, novice OgHu


Message History

You are too injured to fight recklessly!
You are too injured to fight recklessly!
You are too injured to fight recklessly!
You are too injured to fight recklessly!
You are too injured to fight recklessly!
You are too injured to fight recklessly!
Gruesome's ghost hits you!
You climb upwards.
There is a stone staircase leading down here.
Magic restored.
HP restored.
Done exploring.
You climb downwards.
Level annotation: Gruesome's ghost, novice OgHu Gruesome's ghost hits you.
There is a stone staircase leading up, spattered with blood here.
You punch Gruesome's ghost! You bite Gruesome's ghost. You drain its power.
Gruesome's ghost is moderately damaged.
Gruesome's ghost hits you!
You barely miss Gruesome's ghost. You punch Gruesome's ghost!
Your bite misses Gruesome's ghost.
Gruesome's ghost is moderately damaged.
You closely miss Gruesome's ghost. You bite Gruesome's ghost!
You drain its power.
You feel invigorated.
Gruesome's ghost is heavily damaged.
Gruesome's ghost hits you but does no damage.
You hit Gruesome's ghost but do no damage.
You bite Gruesome's ghost! You drain its power.
Gruesome's ghost is severely damaged.
Gruesome's ghost hits you!!
You are too injured to fight recklessly!
You are too injured to fight recklessly!
You are too injured to fight recklessly!
You are too injured to fight recklessly!
You are too injured to fight recklessly!
You are too injured to fight recklessly!
You are too injured to fight recklessly!
You are too injured to fight recklessly!
You are too injured to fight recklessly!
You are too injured to fight recklessly!
You are too injured to fight recklessly!
You are too injured to fight recklessly!
You are too injured to fight recklessly!
You are too injured to fight recklessly!
You are too injured to fight recklessly!
You hit Gruesome's ghost. Your bite misses Gruesome's ghost.
Gruesome's ghost is severely damaged.
Gruesome's ghost hits you! Gruesome's ghost hits you!!
You die...

#... # .!. # #.
..#.# #..##.#.#
#.......# ..##..
#.###.###
.<.....##.......#
#........#.....#.#
+........+.)...W@#
#........##.#....#
#.........#.#....#
#.........#.#..#.#
#...........#..#.#
#........#..#....+
#........#..##.#.#
##..........# .#.#
#.########.#


You could see Gruesome's ghost.

Action                   |  1- 3 |  4- 6 |  7- 9 || total
-------------------------+-------+-------+-------++-------
Melee: Unarmed           |   124 |   197 |   123 ||   444
       Bite              |    34 |    63 |    58 ||   155
       Punch             |     1 |     4 |     5 ||    10
  Use: Scroll            |       |     5 |     7 ||    12
       Potion            |       |       |     2 ||     2
 Stab: Sleeping          |     2 |     1 |       ||     3
       Paralysed         |       |       |     1 ||     1
  Eat: Chunk             |       |     6 |     3 ||     9
Armor: Leather armour    |    28 |       |       ||    28
       Robe              |     1 |       |       ||     1
       Scale mail        |    13 |    82 |       ||    95
       Plate armour      |       |    17 |    66 ||    83
Dodge: Dodged            |    85 |    98 |    39 ||   222

Notes
Turn   | Place    | Note
--------------------------------------------------------------
     0 | D:1      | Duffy the Vine Stalker Monk began the quest for the Orb.
     0 | D:1      | Reached XP level 1. HP: 11/11 MP: 2/2
    70 | D:1      | Reached XP level 2. HP: 16/16 MP: 3/3
    94 | D:1      | Reached skill level 3 in Fighting
   233 | D:1      | Reached XP level 3. HP: 20/20 MP: 1/4
   644 | D:2      | Found a shattered altar of Ashenzari.
   672 | D:2      | Reached XP level 4. HP: 11/24 MP: 3/5
   751 | D:2      | Reached skill level 5 in Unarmed Combat
   783 | D:2      | Noticed Robin
   821 | D:2      | Killed Robin
   973 | D:2      | Reached XP level 5. HP: 29/29 MP: 6/6
  1140 | D:2      | Reached skill level 4 in Fighting
  1221 | D:2      | Noticed Jessica
  1224 | D:2      | Killed Jessica
  1277 | D:2      | Found a basalt altar of Yredelemnul.
  1812 | D:3      | Found a bloodstained altar of Trog.
  1826 | D:3      | Noticed Gruesome's ghost (amateur OgHu)
  2151 | D:3      | Gained mutation: You heal very quickly. [Vine Stalker growth]
  2151 | D:3      | Reached XP level 6. HP: 7/34 MP: 2/7
  2218 | D:2      | Reached skill level 6 in Unarmed Combat
  2289 | D:3      | Killed Gruesome's ghost
  2374 | D:3      | Found a snail-covered altar of Cheibriados.
  2382 | D:3      | Became a worshipper of Cheibriados the Contemplative
  2382 | D:3      | Reached * piety under Cheibriados
  2382 | D:3      | Reached ** piety under Cheibriados
  2481 | D:3      | Found a white marble altar of Elyvilon.
  2563 | D:3      | Found a burning altar of Makhleb.
  2567 | D:3      | Reached skill level 5 in Fighting
  2698 | D:3      | Reached XP level 7. HP: 35/39 MP: 8/8
  2840 | D:3      | Gained mutation: Your muscles are strong. (Str +2) [potion of beneficial mutation]
  2841 | D:3      | Gained mutation: Your system is resistant to poisons. [potion of beneficial mutation]
  3319 | D:4      | Reached skill level 7 in Unarmed Combat
  3628 | D:5      | Entered Level 5 of the Dungeon
  3652 | D:5      | Reached *** piety under Cheibriados
  3688 | D:5      | Found a staircase to the Ecumenical Temple.
  3705 | D:5      | Found a glowing golden altar of the Shining One.
  3744 | D:5      | Reached skill level 6 in Fighting
  3744 | D:5      | Reached skill level 1 in Armour
  3744 | D:5      | Gained mutation: You have razor-sharp teeth. [Vine Stalker growth]
  3744 | D:5      | Reached XP level 8. HP: 29/44 MP: 9/9
  3805 | D:5      | Found a shadowy altar of Dithmenos.
  3911 | D:5      | Found a glowing silver altar of Zin.
  4104 | D:5      | Found a sacrificial altar of Ru.
  4362 | D:5      | Found a snail-covered altar of Cheibriados.
  4516 | D:6      | Noticed Gruesome's ghost (novice OgHu)
  4588 | D:6      | Slain by Gruesome's ghost

Skill      XL: |  1  2  3  4  5  6  7 |
---------------+----------------------+-----
Fighting       | 3 4 5 6 |  6.3
Unarmed Combat | 5 6 7 |  7.7
Armour         | 1 |  1.4
Dodging        | |  2.4
Stealth        | |  2.4

Vault maps used:
D:1:      dpeg_arrival_subterranean_lakeside_camping
D:2:      evilmike_ruin_ashenzari, lemuel_zombie_altar_yredelemnul,
          uniq_jessica, uniq_robin
D:3:      overflow_temple_1_default, bloody_trog, marbit_many_paths,
          makhleb_blood_cavern_becter
D:5:      zin_treasury, nicolae_ru_great_annihilating_truth,
          nicolae_overflow_crystal_walls, minmay_temple_entry_statues_fountains,
          basic_altar, first_bread, chei_slow_surprise
D:6:      grunt_pakellas_sulfur

Vanquished Creatures
  The ghost of Gruesome the Cudgeler, an amateur OgHu
  An ice beast
  2 ogres
  A crimson imp
  2 orc wizards
  3 orc priests
  2 hounds
  A giant frog skeleton Jessica
  2 worker ants
  A mummy Robin
  7 gnolls
  6 adders
  An ooze
  2 adder skeletons
  7 worms
  6 dart slugs
  2 giant geckos
  7 orcs
  3 ball pythons
  18 bats
  5 giant cockroaches
  14 goblins
  12 hobgoblins
  8 jackals
  8 kobolds
  6 quokkas
  4 giant newts
  2 gnoll zombies
  A quokka skeleton
  5 rats
142 creatures vanquished.
